Map: Dusk Towers

Players

xKawaiian - Winner!

  • Race: Terran Terran
  • League: Master

Nilitsu

  • Race: Zerg Zerg
  • League: Master

VOD

Have the link to the VOD?

Description

Time

  • Played on: Jan. 18, 2016, 4:10 a.m.
  • Length: 13:01
Show
View Real Time Build Order
Export as new Build Order

xKawaiian Terran - Winner!

Build Orders: Reaper Expand, MMM Bio 

Get SALT Encoding   

  12  0:01  SCV  
  13  0:13  SCV  
  14  0:18  Supply Depot  
  14  0:25  SCV  
  15  0:40  SCV  
  16  0:43  Barracks  
  16  0:47  Refinery  
  16  0:52  SCV  
  17  1:04  SCV  
  18  1:17  SCV  
  19  1:31  Orbital Command  
  19  1:35  Reaper  
  20  1:41  Command Center  
  20  1:54  Supply Depot  
  20  1:58  SCV  
  21  2:07  Barracks Reactor  
  21  2:10  SCV  
  21  2:11  Barracks  
  22  2:21  Barracks  
  22  2:22  SCV  
  23  2:34  SCV  
  24  2:44  Marine x2  
  24  2:46  SCV  
  26  2:53  Orbital Command  
  26  2:58  SCV  
  27  2:59  Barracks Tech Lab  
  27  3:02  Marine x2  
  27  3:04  Factory  
  29  3:07  Refinery, Marine  
  29  3:10  SCV  
  31  3:19  Stimpack  
  31  3:20  Marine x2  
  31  3:21  SCV  
  31  3:22  SCV  
  35  3:28  Marine x2  
  35  3:33  SCV  
  38  3:35  SCV  
  38  3:37  Marine  
  40  3:43  Marine  
  40  3:45  Supply Depot, SCV  
  40  3:48  SCV  
  45  3:51  Starport  
  45  3:52  Factory Reactor  
  45  3:53  Marine  
  45  3:55  Marine  
  45  3:57  SCV  
  45  4:02  Supply Depot  
  46  4:07  SCV, Marine x2  
  50  4:10  SCV  
  50  4:18  Marine  
  50  4:19  Supply Depot, Marine, SCV  
  50  4:20  Supply Depot  
  50  4:22  SCV  
  54  4:25  Marine x2  
  56  4:31  SCV  
  56  4:33  Medivac x2  
  56  4:35  SCV  
  62  4:46  Command Center  
  62  4:47  SCV  
  62  4:49  SCV  
  64  4:56  Marine x2  
  64  4:57  Supply Depot  
  64  4:58  Barracks Reactor  
  64  4:59  SCV  
  67  5:01  SCV  
  68  5:07  Factory Reactor  
  68  5:08  Marine  
  68  5:12  SCV  
  68  5:13  SCV, Engineering Bay  
  68  5:14  Engineering Bay, Marine  
  72  5:22  Marine  
  72  5:23  Refinery  
  72  5:24  SCV, Refinery, Supply Depot  
  72  5:26  Marine  
  75  5:29  Combat Shields  
  75  5:30  SCV  
  75  5:32  Marine  
  77  5:36  SCV  
  77  5:39  Terran Infantry Weapons Level 1  
  77  5:40  Marine  
  77  5:42  Terran Infantry Armor Level 1, Marine  
  79  5:43  Marine  
  79  5:44  SCV  
  75  5:57  Marine, Medivac  
  75  5:58  Marauder  
  75  6:00  Orbital Command  
  75  6:01  Marine  
  75  6:02  Widow Mine x2  
  85  6:15  SCV  
  85  6:17  Barracks  
  86  6:18  Armory  
  86  6:19  SCV  
  86  6:20  Barracks  
  86  6:21  Marauder  
  86  6:22  Orbital Command  
  86  6:25  Marine  
  89  6:27  SCV  
  89  6:31  SCV  
  92  6:33  Marine  
  92  6:39  SCV  
  94  6:42  Marauder  
  94  6:44  SCV  
  94  6:46  Marine  
  94  6:47  Marine x2  
  98  6:51  SCV x2  
  102  6:56  SCV  
  101  7:02  Medivac x2  
  101  7:03  SCV, Marine  
  101  7:04  Marauder  
  101  7:08  Barracks Reactor, Barracks Tech Lab  
  109  7:15  Supply Depot  
  109  7:16  Supply Depot  
  109  7:25  Barracks x2  
  109  7:27  Supply Depot  
  109  7:37  SCV x3, Marauder, Medivac, Marine x4  
  109  7:43  Marine  
  121  7:44  Marauder  
  121  7:48  Marine  
  121  7:49  SCV  
  118  7:52  Terran Infantry Weapons Level 2  
  118  7:53  Terran Infantry Armor Level 2  
  118  7:54  Marine x3  
  121  7:58  Widow Mine  
  121  7:59  Marauder, Widow Mine  
  121  8:00  Marine  
  121  8:01  Marine  
  121  8:02  SCV, Medivac  
  121  8:05  Marauder  
  125  8:06  Marine  
  125  8:07  Medivac  
  125  8:12  Marine x3  
  123  8:14  Supply Depot x2  
  123  8:17  Barracks Reactor, Barracks Tech Lab, Supply Depot  
  123  8:19  Refinery x2  
  119  8:20  Marauder  
  119  8:22  Marine x2  
  119  8:24  Marine  
  119  8:26  SCV x2  
  119  8:27  SCV, Marauder  
  129  8:32  Medivac  
  131  8:35  Command Center  
  131  8:38  SCV x2  
  131  8:39  SCV  
  131  8:40  Marine x2  
  131  8:41  Marauder x2  
  136  8:43  Medivac, Widow Mine  
  136  8:45  Marine  
  136  8:48  Marine x2, Marauder  
  145  8:49  Marine  
  145  8:53  Marine x2  
  148  8:57  Widow Mine  
  148  8:58  Marine x2  
  148  9:00  SCV x2  
  148  9:01  Marine  
  148  9:02  Marine  
  153  9:04  Supply Depot  
  153  9:09  Marine x2  
  152  9:10  Marine  
  152  9:12  SCV, Marauder, Marine  
  152  9:14  Terran Vehicle And Ship Armor Level 1  
  152  9:16  SCV  
  157  9:25  Widow Mine  
  157  9:26  SCV x2, Marauder, Marine x2  
  157  9:27  Marine  
  157  9:29  Marine  
  157  9:30  Widow Mine  
  165  9:32  Medivac  
  165  9:38  Marauder, Medivac  
  152  9:43  SCV  
  136  9:47  Planetary Fortress  
  136  9:51  Marauder, Concussive Shells, Marine x2  
  129  9:54  Widow Mine  
  129  9:55  Marine  
  129  9:56  Marauder  
  129  9:59  Widow Mine  
  119  10:00  Marine x2  
  119  10:02  Medivac  
  119  10:03  Marine  
  119  10:04  Marauder  
  126  10:08  Medivac  
  126  10:12  Marine  
  126  10:13  Marauder  
  127  10:22  Widow Mine, Marine x2  
  127  10:23  Marauder, Marine x2  
  127  10:25  Marauder, Marine x2  
  127  10:27  Widow Mine  
  127  10:28  Supply Depot x2  
  141  10:32  Medivac  
  141  10:33  Command Center  
  141  10:34  Marauder  
  145  10:38  Marine x2, Refinery, Medivac  
  145  10:40  Refinery  
  149  10:43  Marine  
  149  10:44  Marauder  
  149  10:46  SCV  
  149  10:47  SCV, Marauder  
  149  10:48  SCV  
  157  10:50  Marine x2  
  157  10:51  Widow Mine  
  157  10:52  Marine x2  
  157  10:56  Widow Mine, Marauder  
  167  11:00  Starport, Marine  
  167  11:02  Medivac  
  167  11:03  Fusion Core  
  170  11:06  Marine x3, Marauder  
  170  11:08  Marauder  
  170  11:10  SCV x2  
  172  11:17  Marauder  
  171  11:19  Widow Mine, Marine x2  
  171  11:20  Marine  
  171  11:21  Marine x2  
  171  11:24  Widow Mine, Marine x2  
  169  11:27  Marauder  
  169  11:29  Marauder, Marine  
  159  11:34  Liberator x2  
  159  11:37  Marine x2  
  159  11:38  Marauder, Marine  
  155  11:40  Marine x2  
  155  11:41  SCV  
  155  11:42  Marine x2  
  155  11:45  Starport Tech Lab  
  151  11:48  Marauder, Widow Mine  
  151  11:51  Marauder  
  151  11:53  Marine, Widow Mine  
  166  11:55  Marine  
  166  11:56  Marine x2  
  166  11:58  Refinery, Marine x2  
  171  12:02  Refinery  
  171  12:04  Marine x3  
  171  12:05  SCV  
  174  12:10  SCV  
  174  12:11  SCV x2  
  177  12:15  Planetary Fortress  
  177  12:17  Widow Mine  
  177  12:21  Marauder, Widow Mine, Marine x2  
  177  12:22  Marine  
  188  12:23  Marauder  
  191  12:34  Marine  
  191  12:36  Marine x3  
  182  12:37  Marine  
  182  12:38  Marauder  
  182  12:39  Marine  
  182  12:40  Marine x2  
Show
View Real Time Build Order
Export as new Build Order

Nilitsu Zerg 

Build Orders: Hatch First 

Get SALT Encoding   

  12  0:01  Drone  
  13  0:13  Overlord  
  13  0:18  Drone  
  14  0:32  Drone x2  
  16  0:37  Drone  
  17  0:52  Hatchery  
  17  0:55  Drone  
  17  1:00  Drone  
  18  1:09  Extractor  
  17  1:15  Spawning Pool  
  17  1:17  Drone  
  17  1:19  Drone  
  18  1:29  Drone  
  19  1:44  Overlord  
  19  2:08  Queen x2  
  23  2:09  Zergling x4  
  23  2:10  Drone  
  23  2:11  Metabolic Boost  
  26  2:21  Drone  
  26  2:22  Drone  
  28  2:28  Drone x2  
  30  2:34  Overlord  
  30  2:48  Drone x2  
  32  2:52  Drone  
  32  2:56  Drone  
  34  3:01  Drone  
  34  3:04  Hatchery  
  34  3:09  Drone x2  
  36  3:19  Drone x6  
  42  3:21  Queen  
  42  3:22  Extractor  
  43  3:27  Drone  
  43  3:29  Extractor  
  43  3:31  Overlord  
  43  3:35  Overlord  
  43  3:36  Evolution Chamber  
  43  3:37  Evolution Chamber  
  43  3:41  Overlord  
  41  3:52  Drone x6  
  41  3:53  Drone  
  48  4:02  Drone  
  49  4:03  Drone  
  50  4:11  Zerg Missile Weapons Level 1, Zerg Ground Armor Level 1  
  50  4:20  Roach Warren  
  50  4:22  Drone x4  
  53  4:26  Lair  
  53  4:28  Drone  
  53  4:29  Drone  
  55  4:31  Drone  
  55  4:35  Drone x2  
  55  4:36  Drone  
  59  4:40  Overlord  
  59  4:44  Overlord  
  59  4:45  Drone  
  59  4:48  Drone x3  
  63  5:00  Roach x5  
  63  5:01  Roach  
  75  5:14  Overlord x2  
  75  5:15  Overlord  
  75  5:19  Roach x6  
  87  5:27  Ravager  
  87  5:28  Ravager x2  
  90  5:33  Drone  
  90  5:34  Drone x3, Extractor  
  93  5:46  Roach x7  
  101  5:58  Drone x8  
  101  6:00  Extractor x2  
  106  6:10  Hatchery  
  103  6:13  Drone x5  
  108  6:22  Drone x2  
  108  6:23  Overlord  
  110  6:26  Overlord  
  110  6:29  Zerg Missile Weapons Level 2  
  110  6:30  Zerg Ground Armor Level 2  
  110  6:35  Drone  
  110  6:36  Drone  
  112  6:40  Infestation Pit  
  112  6:46  Overlord x2  
  110  6:51  Roach x9  
  128  7:03  Spore Crawler, Drone  
  128  7:04  Drone, Spore Crawler  
  128  7:07  Spore Crawler  
  127  7:09  Drone  
  127  7:10  Spore Crawler, Drone x2  
  127  7:11  Spore Crawler  
  127  7:12  Roach x5  
  138  7:21  Overlord  
  138  7:32  Drone x5  
  138  7:33  Drone x2  
  145  7:40  Hive  
  145  7:42  Drone  
  146  7:45  Spire  
  146  7:48  Drone x2  
  146  7:54  Roach x2  
  151  7:58  Drone x5  
  151  7:59  Drone  
  151  8:02  Overlord x2  
  149  8:07  Glial Reconstitution, Roach  
  149  8:13  Drone x3  
  149  8:15  Spore Crawler  
  149  8:17  Spore Crawler, Overlord x6  
  149  8:18  Spore Crawler  
  147  8:26  Overseer  
  144  8:57  Queen  
  144  8:59  Corruptor x8  
  157  9:04  Spire  
  151  9:10  Zerg Ground Armor Level 3, Zerg Missile Weapons Level 3  
  151  9:11  Spore Crawler  
  145  9:21  Roach  
  145  9:22  Roach x5  
  155  9:24  Queen  
  146  9:37  Roach  
  146  9:38  Roach x6  
  144  9:41  Roach  
  125  9:48  Roach x4  
  124  9:54  Roach x2  
  118  10:01  Overseer  
  118  10:12  Roach  
  118  10:13  Roach x4  
  128  10:17  Spore Crawler, Pneumatized Carapace  
  127  10:25  Hatchery  
  125  10:30  Greater Spire  
  125  10:44  Corruptor  
  125  10:45  Corruptor x3  
  133  11:05  Spore Crawler  
  133  11:08  Spore Crawler  
  131  11:13  Roach x14  
  124  11:29  Roach x5  
  118  11:42  Roach x6  
  128  11:51  Brood Lord  
  128  11:53  Brood Lord  
  132  11:55  Hatchery  
  132  11:58  Spine Crawler  
  132  12:00  Spine Crawler  
  127  12:05  Brood Lord x2  
  131  12:13  Brood Lord  
  133  12:30  Hatchery  
Tags
 
Add a new tag
Caveats
  • Supply blocks, unpowered buildings, or Contaminate may cause inaccurate times.
  • Supply counts are checked every 10 seconds.